 Dungeon Crawl Stone Soup version 0.23-a0-677-g07611c5 (webtiles) character file.

110 galech the Covered (level 4, -11/35 HPs)
             Began as a Demonspawn Fighter on Jan 9, 2019.
             Killed by divine providence
             ... invoked by an orc priest
              (12 damage)
             ... on level 3 of the Dungeon.
             The game lasted 00:02:06 (1514 turns).

galech the Covered (Demonspawn Fighter)             Turns: 1514, Time: 00:02:07

Health: -11/35     AC:  8    Str: 20 (22) XL:     4   Next: 61%
Magic:  4/4        EV:  7    Int:  7 (9)  God:
Gold:   147        SH:  9    Dex: 11 (13) Spells: 3/3 levels left

rFire    . . .     SeeInvis .   a - +0 war axe
rCold    . . .     Gourm    .   c - +0 shield
rNeg     . . .     Faith    .   b - +0 scale mail
rPois    .         Spirit   .   (helmet restricted)
rElec    .         Reflect  .   g - +0 cloak (curse)
rCorr    .         Harm     .   (no gloves)
MR       .....                  (no boots)
Stlth    ..........             (no amulet)
HPRegen  0.11/turn              (no ring)
MPRegen  0.09/turn              (no ring)

@: mighty
A: horns 1
a: no special abilities


You were on level 3 of the Dungeon.
You were very hungry.

You visited 1 branch of the dungeon, and saw 3 of its levels.

You collected 147 gold pieces.

Inventory:

Hand Weapons
 a - a +0 war axe (weapon)
Armour
 b - a +0 scale mail (worn)
 c - a +0 shield (worn)
 g - a cursed +0 cloak (worn)
Scrolls
 i - a scroll of fog {unknown}
 k - a scroll of noise {unknown}
 m - 3 scrolls of enchant weapon {unknown}
 o - a scroll of fear {unknown}
 p - 2 scrolls of teleportation {unknown}
 r - a scroll of identify {unknown}
Potions
 e - a potion of heal wounds {unknown}
 h - a potion of lignification {unknown}
 j - a potion of degeneration
 l - 2 potions of berserk rage {unknown}
 n - a potion of curing
 q - a potion of brilliance {unknown}
Comestibles
 f - 5 rations


   Skills:
 + Level 3.4 Fighting
 + Level 2.6 Axes
 + Level 3.5 Armour
 + Level 0.3 Dodging
 + Level 3.3 Shields


You had 3 spell levels left.
You didn't know any spells.
Your spell library was empty.

Dungeon Overview and Level Annotations

Branches:
Dungeon (3/15)

Altars:


Innate Abilities, Weirdness & Mutations

You have a pair of small horns on your head.


Message History

Unknown command.
You are too injured to fight recklessly!
Unknown command.
You are too injured to fight recklessly!
Unknown command.
You are too injured to fight recklessly!
You barely miss the orc.
The orc is heavily wounded.
The orc barely misses you. You block the orc's attack.
Your shield prevents you from hitting the orc.
Your headbutt misses the orc.
The orc is heavily wounded.
You hit the orc priest.
The orc priest calls down the wrath of Beogh upon you.
Beogh smites you!
* * * LOW HITPOINT WARNING * * *
You block the orc's attack.
The orc priest mumbles some strange prayers to Beogh against you.
Beogh smites you!
You die...

#.............#
##
#.###########.#
#. #.#
######.###. #.#
............
#.#
#.#####.###.
#.# #.# #.
###.# #.# #.
#..%###.# #.#
#. #.)@.!..#
#.# #.
#ooo....... ..#
#. ##.######..
## ## oo #


oor # ..o. ..### ... You could see 2 orc priests, 6 orcs and a quokka.

Vanquished Creatures
  An orc priest (D:3)
  3 adders (D:2)
  An ooze (D:1)
  2 worms (D:2)
  A dart slug (D:1)
  2 orcs (D:3)
  A ball python (D:1)
  2 bats
  4 giant cockroaches
  5 goblins
  5 hobgoblins
  2 jackals (D:1)
  3 kobolds
  4 rats
36 creatures vanquished.

Notes
Turn   | Place    | Note
-------+----------+-------------------------------------------
     0 | D:1      | galech the Demonspawn Fighter began the quest for the Orb.
     0 | D:1      | Reached XP level 1. HP: 18/18 MP: 1/1
   159 | D:1      | Gained mutation: You have a pair of small horns on your
                  | head. [demonic ancestry]
   159 | D:1      | Reached XP level 2. HP: 24/24 MP: 2/2
   703 | D:2      | Reached XP level 3. HP: 29/29 MP: 3/3
  1207 | D:2      | Reached XP level 4. HP: 29/35 MP: 4/4
  1514 | D:3      | HP: 1/35 [orc priest/divine providence (13)]
  1514 | D:3      | Killed from afar by an orc priest

Vault maps used:
D:1:      psy_arrival_radial01, minmay_split_cup_large
D:2:      minmay_chambers_of_ones
D:3:      cheibrodos_helix_gallery

Skill      XL: |  1  2  3 |
---------------+----------+-----
Axes           | 2 |  2.6
Armour         | 3 |  3.5
Shields        | 3 |  3.3
Fighting       | |  3.4
Dodging        | |  0.3

Action                   |  1- 3 |  4- 6 || total
-------------------------+-------+-------++-------
Melee: War axe           |    95 |    25 ||   120
       Headbutt          |    17 |     3 ||    20
  Use: Potion            |     2 |     1 ||     3
  Eat: Chunk             |     1 |       ||     1
Armor: Scale mail        |    44 |    15 ||    59
Dodge: Dodged            |    24 |     7 ||    31
Block: Shield            |    53 |    15 ||    68

Table legend:
 A = Non-vault XP
 B = Vault XP
 C = Vault XP percentage of total XP
 D = Non-vault monster count
 E = Vault monster count
 F = Vault count percentage of total count
                 A         B        C        D         E       F
            +---------+---------+-------+---------+---------+-------
      Total |     111 |      47 |  29.7 |      27 |       9 |  25.0
            +---------+---------+-------+---------+---------+-------
        D:1 |      26 |      14 |  35.0 |      13 |       4 |  23.5
        D:2 |      31 |      33 |  51.6 |       8 |       5 |  38.5
        D:3 |      54 |       0 |   0.0 |       6 |       0 |   0.0
            +---------+---------+-------+---------+---------+-------
